Map: Deathaura LE

Players

Azure - Winner!

  • Race: Terran Terran
  • League: Grandmaster
  • Spawn Location: 11:00

Leo (LeoRusher)

  • Race: Protoss Protoss
  • League: Grandmaster
  • Spawn Location: 5:00

Event: DreamHack SC2 Masters 2020 Winter

VOD

Have the link to the VOD?

Description

Time

  • Played on: Oct. 17, 2020, 11:57 p.m.
  • Length: 11:52

All games in this series

Show
View Real Time Build Order
Export as new Build Order

Azure Terran - Winner!

Build Orders: Reaper Expand, Banshee Rush 

Get SALT Encoding   

  12  0:00  SCV  
  13  0:12  SCV  
  14  0:17  Supply Depot  
  14  0:24  SCV  
  15  0:38  SCV  
  15  0:40  Barracks  
  16  0:43  Refinery  
  16  0:50  SCV  
  17  1:03  SCV  
  18  1:15  SCV  
  19  1:28  Reaper, Orbital Command  
  20  1:42  Command Center  
  20  1:54  SCV  
  20  1:59  Supply Depot  
  20  2:00  Marine  
  22  2:07  SCV  
  23  2:14  Factory  
  23  2:20  Barracks Reactor  
  23  2:21  SCV  
  23  2:22  Refinery  
  24  2:28  Bunker  
  24  2:33  SCV  
  25  2:45  SCV  
  26  2:55  Orbital Command  
  26  2:57  SCV, Marine x2  
  26  2:58  Starport  
  29  3:02  Widow Mine  
  31  3:09  SCV  
  32  3:15  Marine x2  
  34  3:21  SCV  
  34  3:24  SCV  
  36  3:29  Factory Tech Lab  
  36  3:33  SCV, Marine x2  
  39  3:36  SCV  
  40  3:45  SCV  
  40  3:46  Supply Depot  
  40  3:48  SCV  
  41  3:51  Cloaking Field  
  41  3:52  Banshee  
  41  3:53  Marine x2  
  46  3:59  Factory Tech Lab  
  46  4:02  Supply Depot x2  
  46  4:08  SCV x2  
  48  4:11  Marine x2  
  50  4:17  Siege Tank  
  50  4:20  SCV, Bunker  
  50  4:23  SCV  
  50  4:24  Supply Depot  
  55  4:29  Marine x2  
  57  4:32  SCV  
  57  4:34  Banshee  
  57  4:36  SCV  
  62  4:41  Barracks  
  62  4:44  SCV  
  63  4:47  Supply Depot  
  63  4:48  SCV  
  63  4:51  Siege Tank  
  67  4:56  SCV  
  67  4:57  Marine x2  
  70  5:00  SCV  
  70  5:08  SCV  
  70  5:12  SCV  
  71  5:14  Marine x2  
  69  5:27  SCV  
  67  5:30  SCV  
  67  5:32  Marine x2  
  70  5:39  SCV  
  70  5:42  SCV  
  68  5:46  Siege Tank  
  71  5:50  Marine x2  
  71  5:52  SCV  
  71  5:54  SCV  
  75  6:01  Refinery  
  75  6:02  Refinery  
  75  6:04  SCV  
  76  6:05  Supply Depot  
  76  6:07  Viking, Engineering Bay  
  76  6:08  SCV, Marine x2  
  81  6:13  Supply Depot  
  81  6:16  SCV  
  81  6:18  Engineering Bay  
  82  6:20  SCV  
  83  6:26  Marine x2  
  83  6:28  SCV  
  86  6:34  SCV, Supply Depot  
  86  6:38  Terran Infantry Weapons Level 1  
  87  6:40  SCV  
  87  6:43  Marine  
  87  6:44  Starport Reactor, Marine  
  90  6:53  Siege Tank  
  93  6:55  SCV x2  
  93  7:00  Barracks  
  95  7:02  Barracks  
  95  7:03  Supply Depot  
  95  7:04  Terran Infantry Armor Level 1  
  95  7:06  Command Center  
  95  7:07  SCV x2, Marine  
  95  7:08  Marine  
  99  7:19  SCV  
  99  7:22  Supply Depot, Missile Turret  
  100  7:23  Medivac x2  
  100  7:24  Supply Depot  
  100  7:25  Marine  
  100  7:26  Marine  
  100  7:28  Missile Turret  
  106  7:37  Barracks  
  106  7:38  SCV, Supply Depot  
  106  7:39  Barracks  
  106  7:40  SCV  
  106  7:41  Supply Depot  
  106  7:43  Siege Tank  
  111  7:50  SCV  
  112  7:52  SCV  
  112  7:53  Medivac x2  
  117  8:02  SCV  
  118  8:05  Marine x2  
  118  8:06  SCV  
  121  8:13  Stimpack  
  121  8:14  SCV  
  121  8:19  Orbital Command  
  122  8:20  SCV  
  122  8:25  Marine  
  122  8:26  SCV, Marine  
  122  8:27  Marauder  
  128  8:31  Factory Reactor  
  128  8:33  Medivac x2, Supply Depot  
  128  8:34  Barracks Reactor, Supply Depot  
  129  8:38  Barracks Tech Lab  
  129  8:43  SCV x2, Marine  
  129  8:44  Supply Depot x2, Marine  
  129  8:45  Marauder, Missile Turret  
  129  8:48  Marauder  
  137  8:51  Orbital Command  
  137  8:55  SCV  
  138  9:03  SCV  
  138  9:07  Missile Turret, Marauder  
  138  9:08  Sensor Tower  
  141  9:11  Marine x2  
  141  9:12  Marauder x2, Marine x2  
  149  9:21  SCV, Supply Depot  
  149  9:22  Supply Depot  
  149  9:23  Medivac x2  
  154  9:27  Armory  
  154  9:28  Marauder  
  157  9:33  Marine x2  
  157  9:34  Marine x2  
  161  9:39  SCV  
  161  9:41  Missile Turret  
  161  9:44  Missile Turret  
  161  9:45  Missile Turret  
  161  9:46  Marauder, Marine  
  161  9:49  Marine  
  161  9:51  Bunker, Marine  
  161  9:52  Marine x2  
  168  9:55  Marine  
  169  10:00  Liberator  
  169  10:04  Marauder  
  169  10:05  SCV  
  175  10:07  Marauder, Widow Mine x2  
  175  10:08  Marauder  
  175  10:09  Marine  
  175  10:10  Marine  
  175  10:11  Marine  
  175  10:13  Marine  
  170  10:25  Marauder  
  170  10:27  Marine  
  170  10:28  Medivac, Marine x2  
  152  10:29  Marauder x2  
  152  10:31  Marine  
  157  10:37  Refinery x2  
  154  10:43  Medivac  
  154  10:44  Marine  
  154  10:46  Command Center  
  157  10:52  Marauder, Marine x4  
  157  10:54  Marauder  
  157  10:56  SCV  
  166  11:02  Concussive Shells, Marine  
  167  11:09  Marine  
  167  11:10  Marauder, Marine x2  
  172  11:14  Marauder  
  174  11:20  Marine  
  174  11:21  Marauder  
  177  11:27  Marine  
  177  11:31  Marine x2  
Show
View Real Time Build Order
Export as new Build Order

Leo Protoss 

Build Orders: 1 Gate Expand 

Get SALT Encoding   

  12  0:00  Probe  
  13  0:12  Probe  
  14  0:17  Pylon  
  14  0:24  Probe (Chrono Boost)  
  15  0:37  Probe (Chrono Boost), Gateway  
  16  0:44  Probe (Chrono Boost)  
  16  0:45  Assimilator  
  17  0:51  Probe  
  18  1:03  Probe  
  19  1:15  Probe  
  20  1:23  Nexus  
  20  1:32  Cybernetics Core  
  20  1:36  Probe  
  21  1:41  Assimilator  
  21  1:48  Probe  
  21  1:52  Pylon  
  22  2:00  Probe (Chrono Boost)  
  23  2:07  Adept (Chrono Boost)  
  23  2:09  Warp Gate  
  23  2:12  Probe (Chrono Boost)  
  26  2:21  Probe (Chrono Boost)  
  27  2:27  Probe  
  27  2:28  Twilight Council  
  28  2:32  Stalker (Chrono Boost)  
  28  2:35  Probe  
  31  2:39  Probe  
  32  2:47  Probe  
  32  2:51  Probe  
  34  2:57  Robotics Facility  
  34  2:59  Probe  
  34  3:00  Stalker  
  37  3:11  Charge (Chrono Boost)  
  37  3:19  Gateway  
  37  3:20  Probe  
  37  3:22  Gateway  
  38  3:28  Probe  
  38  3:33  Probe  
  40  3:39  Gateway  
  40  3:46  Warp Prism (Chrono Boost)  
  40  3:54  Gateway  
  40  3:55  Gateway  
  42  4:03  Pylon  
  42  4:16  Nexus  
  42  4:17  Pylon, Zealot  
  42  4:20  Zealot  
  46  4:26  Observer  
  47  4:32  Pylon  
  47  4:55  Pylon  
  47  5:00  Zealot  
  47  5:01  Zealot x5  
  55  5:17  Zealot x2  
  55  5:21  Observer (Chrono Boost)  
  56  5:24  Stalker x4  
  53  5:31  Shield Battery  
  49  5:40  Stalker x2  
  43  5:45  Probe  
  40  5:52  Probe  
  41  5:58  Probe (Chrono Boost)  
  42  6:04  Probe (Chrono Boost)  
  42  6:10  Probe (Chrono Boost)  
  45  6:15  Probe x2 (Chrono Boost)  
  46  6:24  Probe x2 (Chrono Boost)  
  46  6:25  Probe  
  49  6:36  Probe x2  
  49  6:37  Probe  
  52  6:47  Observer  
  52  6:52  Zealot  
  52  6:53  Zealot x5  
  64  6:54  Probe (Chrono Boost)  
  64  6:57  Probe (Chrono Boost)  
  67  7:02  Assimilator  
  67  7:04  Probe (Chrono Boost), Assimilator  
  67  7:05  Probe (Chrono Boost), Shield Battery  
  67  7:06  Probe (Chrono Boost)  
  69  7:10  Probe (Chrono Boost)  
  69  7:11  Probe x2 (Chrono Boost)  
  69  7:15  Shield Battery  
  72  7:20  Probe (Chrono Boost), Templar Archives  
  74  7:24  Zealot x3  
  74  7:25  Probe (Chrono Boost)  
  81  7:32  Probe x2 (Chrono Boost)  
  83  7:37  Zealot x2  
  83  7:38  Zealot  
  83  7:39  Probe (Chrono Boost)  
  89  7:44  Probe  
  89  7:45  Probe  
  89  7:47  Zealot  
  89  7:50  Pylon  
  93  7:55  Probe  
  90  8:16  Observer (Chrono Boost)  
  90  8:17  Zealot x3  
  90  8:18  Zealot x2  
  101  8:22  Psionic Storm  
  100  8:30  Probe  
  101  8:40  Pylon  
  101  8:42  Pylon  
  101  8:43  Pylon  
  101  8:49  Pylon  
  101  8:52  Gateway x2  
  101  8:54  Pylon  
  101  8:58  High Templar  
  101  8:59  High Templar x3  
  101  9:00  Zealot  
  101  9:01  Stalker  
  113  9:07  Probe x2  
  113  9:09  Shield Battery  
  115  9:12  Probe  
  116  9:19  Probe  
  117  9:24  Pylon  
  117  9:28  High Templar x2  
  117  9:29  Zealot  
  117  9:31  Zealot x3  
  127  9:32  Archon  
  127  9:35  Probe x2, Observer  
  127  9:38  Nexus  
  131  9:49  Zealot x3  
  131  9:51  Zealot x4  
  145  9:58  Stalker  
  147  10:02  Shield Battery  
  146  10:07  Forge  
  146  10:09  Zealot  
  120  10:25  Archon x2  
  72  10:30  Zealot  
  72  10:32  Stalker x2  
  72  10:34  Stalker x5  
  69  10:44  Immortal (Chrono Boost)  
  69  10:49  Probe x4  
  77  10:50  Zealot  
  79  10:57  High Templar x2  
  79  10:58  Zealot x2  
  79  11:01  Zealot  
  79  11:02  Zealot  
  91  11:05  Zealot  
  91  11:11  Forge  
  93  11:12  Sentry  
  95  11:19  Immortal (Chrono Boost)  
  95  11:22  Zealot x2  
  95  11:23  Zealot  
  103  11:29  Archon  
  85  11:35  Zealot x2  
Tags
 
Add a new tag
Caveats
  • Supply blocks, unpowered buildings, or Contaminate may cause inaccurate times.
  • Supply counts are checked every 10 seconds.